 Dungeon Crawl Stone Soup version 0.30-a0-862-g1aabd4f9c5 (webtiles) character file.

Game seed: 6057307042103990342

6526 Maxmaps the Nimble (level 11, -7/87 (89) HPs)
             Began as a Gnoll Monk on Mar 9, 2023.
             Was a Priest of Cheibriados.
             Mangled by a two-headed ogre
             ... wielding a +0 giant spiked club
              (15 damage)
             ... on level 10 of the Dungeon.
             The game lasted 00:11:56 (10190 turns).

Maxmaps the Nimble (Gnoll Monk)                    Turns: 10190, Time: 00:11:56

HP:   -7/87 (89)    AC:  9    Str: 23    XL:     11   Next: 1%
MP:   0/20          EV: 18    Int: 22    God:    Cheibriados [***...]
Gold: 560           SH:  6    Dex: 21    Spells: 22/22 levels left

rFire   . . .      SeeInvis .    q - +1 trident (venom)
rCold   . . .      Faith    .    y - +0 buckler
rNeg    . . .      Spirit   +    C - +1 steam dragon scales
rPois   +          Reflect  .    j - +0 helmet
rElec   .          Rampage  .    o - +0 cloak
rCorr   .                        (no gloves)
Will    .....                    (no boots)
Stlth   ++++                     e - amulet of guardian spirit
HPRegen 0.34/turn                i - ring of poison resistance
MPRegen 0.17/turn                m - +6 ring of strength

@: lightly drained, very slow
A: fangs 1, strong nose, distributed training
a: Renounce Religion, Bend Time, Temporal Distortion


You were on level 10 of the Dungeon.
You worshipped Cheibriados.
Cheibriados was most pleased with you.
You visited 2 branches of the dungeon, and saw 11 of its levels.

You collected 560 gold pieces.

Inventory:

Hand Weapons
 b - a +0 short sword of electrocution
 c - a +1 flail of protection
 q - a +1 trident of venom (weapon)
Missiles
 F - 2 throwing nets (quivered)
Armour
 g - a +0 chain mail
 j - a +0 helmet (worn)
 o - a +0 cloak (worn)
 y - a +0 buckler (worn)
 C - +1 steam dragon scales (worn)
Jewellery
 e - an amulet of guardian spirit (around neck)
 i - a ring of poison resistance (left hand)
 m - a +6 ring of strength (right hand)
 n - a +6 ring of dexterity
 s - a ring of positive energy
 t - a ring of see invisible
 w - a ring of magical power
Wands
 r - a wand of light (1)
 K - a wand of digging (2)
Scrolls
 f - 2 scrolls of immolation
 l - 3 scrolls of fear
 p - a scroll of magic mapping
 B - a scroll of torment
 G - 2 scrolls of teleportation
 H - a scroll of blinking
 I - a scroll of summoning {unknown}
 J - 2 scrolls of identify
 L - a scroll of enchant armour
Potions
 a - 2 potions of flight {unknown}
 d - 3 potions of degeneration
 h - 5 potions of mutation
 k - 2 potions of haste {unknown}
 u - 2 potions of brilliance
 v - a potion of experience {unknown}
 x - 3 potions of resistance {unknown}
 z - 2 potions of might {unknown}
 A - a potion of magic {unknown}
 D - a potion of invisibility
 E - 2 potions of curing
 M - a potion of heal wounds


   Skills:
 + Level 9.0 Fighting
 + Level 6.0 Short Blades
 + Level 9.0 Long Blades
 + Level 6.0 Axes
 + Level 6.0 Maces & Flails
 + Level 6.0 Polearms
 + Level 6.0 Staves
 + Level 6.0 Ranged Weapons
 + Level 6.0 Throwing
 + Level 6.0 Armour
 + Level 9.0 Dodging
 + Level 7.4 Stealth
 + Level 6.0 Shields
 + Level 6.0 Unarmed Combat
 + Level 6.0 Spellcasting
 + Level 5.0 Conjurations
 + Level 5.0 Hexes
 + Level 5.0 Summonings
 + Level 5.0 Necromancy
 + Level 5.0 Translocations
 + Level 5.0 Transmutations
 + Level 5.0 Fire Magic
 + Level 5.0 Ice Magic
 + Level 5.0 Air Magic
 + Level 5.0 Earth Magic
 + Level 5.0 Poison Magic
 + Level 6.6 Invocations
 + Level 6.0 Evocations


You had 22 spell levels left.
You didn't know any spells.
Your spell library contained the following spells:

 Spells                   Type           Power      Damage    Failure   Level
 Magic Dart               Conj           100%       1d8       1%          1
 Call Imp                 Summ           28%        N/A       2%          2
 Mephitic Cloud           Conj/Pois/Air  28%        N/A       4%          3
 Cause Fear               Hex            14%        N/A       14%         4
 Leda's Liquefaction      Hex/Erth       14%        N/A       14%         4
 Manifold Assault         Tloc           28%        N/A       14%         4
 Summon Ice Beast         Ice/Summ       28%        N/A       14%         4
 Summon Mana Viper        Hex/Summ       28%        N/A       38%         5
 Monstrous Menagerie      Summ           14%        N/A       100%        7


Dungeon Overview and Level Annotations

Branches:
Dungeon (10/15)            Temple (1/1) D:7
   Lair: D:8-11         Orc: D:9-12

Altars:
Ashenzari
Cheibriados
Dithmenos
Elyvilon
Fedhas
Gozag
Hepliaklqana
Kikubaaqudgha
Makhleb
Nemelex Xobeh
Okawaru
Qazlal
Ru
Sif Muna
Trog
Uskayaw
Vehumet
Wu Jian
Xom
Yredelemnul
Zin
The Shining One

Shops:
D:9 :


Innate Abilities, Weirdness & Mutations

You have very sharp teeth.
Your uncanny sense of smell can sniff out nearby items.
Your experience applies equally to all skills.


Message History

The helpless two-headed ogre fails to defend itself.
You puncture the two-headed ogre!
The two-headed ogre is poisoned.
The two-headed ogre is lightly wounded.
You puncture the two-headed ogre!
The two-headed ogre looks as sick as possible!
The two-headed ogre is moderately wounded.
The two-headed ogre hits you with a +0 giant spiked club!
The two-headed ogre hits you with a +0 giant club!
You puncture the two-headed ogre!
The two-headed ogre looks as sick as possible!
The two-headed ogre is heavily wounded.
The two-headed ogre hits you with a +0 giant spiked club!
The two-headed ogre completely misses you.
You hit the two-headed ogre.
The two-headed ogre looks as sick as possible!
The two-headed ogre is heavily wounded.
You hit the two-headed ogre.
The two-headed ogre looks as sick as possible!
The two-headed ogre is severely wounded.
The two-headed ogre hits you with a +0 giant spiked club!!
The two-headed ogre closely misses you.
You are too injured to fight recklessly!
You are too injured to fight recklessly!
You are too injured to fight recklessly!
You completely miss the two-headed ogre.
The two-headed ogre is severely wounded.
The two-headed ogre hits you with a +0 giant spiked club!!
* * * LOW HITPOINT WARNING * * *
The two-headed ogre hits you with a +0 giant club!
* * * LOW HITPOINT WARNING * * *
You hit the two-headed ogre.
The two-headed ogre looks as sick as possible!
The two-headed ogre is severely wounded.
Unknown command.
Okay, then.
You puncture the two-headed ogre!
The two-headed ogre looks as sick as possible!
The two-headed ogre is almost dead.
The two-headed ogre hits you with a +0 giant spiked club!
You die...

#...... . #...!.
..####....#
.....#...# ..
.......#####
....#.....#...#
..$...O...#...##
.####@.......#
..#.............#
.....###....$...#
#......<........#
....####........#
. #...........#
#.............
#....#####.....
....... .....


You could see a two-headed ogre (extremely poisoned).

Vanquished Creatures
  A two-headed ogre (D:8)
  Pikel (D:8)
  A gargoyle (D:9)
  A komodo dragon (D:9)
  A vampire (D:9)
  A wyvern (D:9)
  5 yaks
  2 steam dragons
  Menkaure (D:7)
  A water moccasin (D:9)
  4 ice beasts
  3 orc warriors
  2 black bears
  3 ogres
  3 centaurs
  3 phantoms
  Blork the orc (D:4)
  3 kobold brigands
  A gnoll sergeant (D:7)
  2 bullfrogs
  2 scorpions
  4 wights (D:8)
  4 jellies
  2 hounds
  8 orc priests
  A gnoll bouda (D:8)
  Natasha (twice) (D:2)
  2 sleepcaps (D:6)
  5 iguanas
  7 orc wizards
  10 gnolls
  8 adders
  A white imp (D:8)
  An ufetubus (D:7)
  A worm (D:5)
  2 dart slugs
  27 orcs
  10 endoplasms
  6 goblins
  10 hobgoblins
  4 jackals (D:1)
  2 quokkas (D:3)
  13 ball pythons
  3 bats
  2 frilled lizards
  9 kobolds
  23 rats
209 creatures vanquished.

Notes
Turn   | Place    | Note
-------+----------+-------------------------------------------
     0 | D:1      | Maxmaps the Gnoll Monk began the quest for the Orb.
     0 | D:1      | Reached XP level 1. HP: 23/23 MP: 1/1
   105 | D:1      | Found a faded altar of an unknown god.
   257 | D:1      | Reached XP level 2. HP: 29/29 MP: 2/2
   580 | D:2      | Reached XP level 3. HP: 32/35 MP: 2/4
   638 | D:2      | Reached skill level 1 in Invocations
   772 | D:2      | Noticed Natasha
   854 | D:2      | Reached skill level 1 in Short Blades
   854 | D:2      | Reached skill level 1 in Axes
   854 | D:2      | Reached skill level 1 in Maces & Flails
   854 | D:2      | Reached skill level 1 in Polearms
   854 | D:2      | Reached skill level 1 in Staves
   854 | D:2      | Reached skill level 1 in Ranged Weapons
   854 | D:2      | Reached skill level 1 in Throwing
   854 | D:2      | Reached skill level 1 in Armour
   854 | D:2      | Reached skill level 1 in Shields
   854 | D:2      | Reached skill level 1 in Unarmed Combat
   854 | D:2      | Reached skill level 1 in Spellcasting
   854 | D:2      | Reached skill level 1 in Evocations
   854 | D:2      | Reached XP level 4. HP: 28/41 MP: 5/5
   983 | D:2      | Killed Natasha
   984 | D:2      | Reached skill level 1 in Conjurations
   984 | D:2      | Reached skill level 1 in Hexes
   984 | D:2      | Reached skill level 1 in Summonings
   984 | D:2      | Reached skill level 1 in Necromancy
   984 | D:2      | Reached skill level 1 in Translocations
   984 | D:2      | Reached skill level 1 in Transmutations
   984 | D:2      | Reached skill level 1 in Fire Magic
   984 | D:2      | Reached skill level 1 in Ice Magic
   984 | D:2      | Reached skill level 1 in Air Magic
   984 | D:2      | Reached skill level 1 in Earth Magic
   984 | D:2      | Reached skill level 1 in Poison Magic
   991 | D:2      | Noticed Natasha
  1012 | D:2      | Killed Natasha
  1013 | D:2      | Reached XP level 5. HP: 32/47 MP: 5/7
  1071 | D:2      | Noticed an ogre
  1080 | D:2      | Killed an ogre
  1662 | D:3      | Reached XP level 6. HP: 53/53 MP: 8/8
  1671 | D:3      | Found an iron altar of Okawaru.
  1948 | D:3      | HP: 1/53 [gnoll/+1 flail of protection (6)]
  2434 | D:4      | Identified a scroll of acquirement
  2434 | D:4      | Acquired an amulet of guardian spirit
  2481 | D:4      | Found an ancient bone altar of Kikubaaqudgha.
  2559 | D:4      | Noticed Blork the orc
  2578 | D:4      | Killed Blork the orc
  2579 | D:4      | Reached XP level 7. HP: 38/60 MP: 6/10
  3070 | D:4      | Reached skill level 5 in Stealth
  3636 | D:5      | Entered Level 5 of the Dungeon
  3645 | D:5      | Reached XP level 8. HP: 63/67 MP: 10/12
  5026 | D:6      | Reached XP level 9. HP: 73/73 MP: 14/14
  5445 | D:7      | You fall into a shaft and drop 1 floor!
  6020 | D:8      | Reached skill level 5 in Invocations
  6246 | D:7      | Noticed Menkaure
  6250 | D:7      | Killed Menkaure
  6753 | D:7      | Found a staircase to the Ecumenical Temple.
  6806 | Temple   | Entered the Ecumenical Temple
  6813 | Temple   | Became a worshipper of Cheibriados the Contemplative
  6813 | Temple   | Reached * piety under Cheibriados
  6813 | Temple   | Reached ** piety under Cheibriados
  7760 | D:8      | Identified the +4 robe of Elluah {SInv}
  7836 | D:8      | Noticed a two-headed ogre
  7844 | D:8      | Killed a two-headed ogre
  7845 | D:8      | Reached skill level 5 in Short Blades
  7845 | D:8      | Reached skill level 5 in Axes
  7845 | D:8      | Reached skill level 5 in Maces & Flails
  7845 | D:8      | Reached skill level 5 in Polearms
  7845 | D:8      | Reached skill level 5 in Staves
  7845 | D:8      | Reached skill level 5 in Ranged Weapons
  7845 | D:8      | Reached skill level 5 in Throwing
  7845 | D:8      | Reached skill level 5 in Armour
  7845 | D:8      | Reached skill level 5 in Shields
  7845 | D:8      | Reached skill level 5 in Unarmed Combat
  7845 | D:8      | Reached skill level 5 in Spellcasting
  7845 | D:8      | Reached skill level 5 in Evocations
  7845 | D:8      | Reached XP level 10. HP: 26/82 MP: 6/17
  8149 | D:8      | Noticed Pikel
  8163 | D:8      | Killed Pikel
  8561 | D:9      | Found Dumozy Lunk's Book Boutique.
  8816 | D:9      | Reached *** piety under Cheibriados
  9228 | D:9      | Found an opulent altar of Gozag.
  9231 | D:9      | Noticed a gargoyle
  9514 | D:9      | Killed a gargoyle
  9515 | D:9      | Reached skill level 5 in Conjurations
  9515 | D:9      | Reached skill level 5 in Hexes
  9515 | D:9      | Reached skill level 5 in Summonings
  9515 | D:9      | Reached skill level 5 in Necromancy
  9515 | D:9      | Reached skill level 5 in Translocations
  9515 | D:9      | Reached skill level 5 in Transmutations
  9515 | D:9      | Reached skill level 5 in Fire Magic
  9515 | D:9      | Reached skill level 5 in Ice Magic
  9515 | D:9      | Reached skill level 5 in Air Magic
  9515 | D:9      | Reached skill level 5 in Earth Magic
  9515 | D:9      | Reached skill level 5 in Poison Magic
  9515 | D:9      | Reached XP level 11. HP: 68/87 MP: 14/20
 10126 | D:9      | Got the Treatise on Fascination and Superposition
 10172 | D:10     | Entered Level 10 of the Dungeon
 10179 | D:10     | Noticed a two-headed ogre
 10190 | D:10     | Mangled by a two-headed ogre

Illustrated notes

Levels and vault maps discovered:
D:1:      minmay_arrival_stair_chambers, layout_basic,
          shapermc_ecumenical_altar_mp_ritualfount
D:2:      layout_rooms, uniq_natasha
D:3:      layout_basic, old_standard_altar, minmay_rat_hole
D:4:      minmay_general_purpose_star, layout_basic, kennysheep_mini_moat,
          uniq_blork_the_orc
D:5:      layout_rooms
D:6:      layout_basic, kennysheep_generic_room_11
D:7:      layout_basic, minmay_temple_entry_nine_rooms,
          kennysheep_generic_room_5, uniq_menkaure
D:8:      minmay_spotlight, layout_loops_ring, minivault_25, uniq_pikel
D:9:      layout_loops_corners, nicolae_gozag_seed_capital, serial_shops,
          nicolae_stop_n_shop_2
D:10:     layout_basic, lair_entry_dummy
Temple:   compressed_dpeg_triangle_lava_temple

Skill      XL: |  1  2  3  4  5  6  7  8  9 10 |
---------------+-------------------------------+-----
Invocations    | 1 2 3 4 5 6 |  6.6
Short Blades   | 1 2 3 5 6 |  6.0
Axes           | 1 2 3 5 6 |  6.0
Maces & Flails | 1 2 3 5 6 |  6.0
Polearms       | 1 2 3 5 6 |  6.0
Staves         | 1 2 3 5 6 |  6.0
Ranged Weapons | 1 2 3 5 6 |  6.0
Throwing       | 1 2 3 5 6 |  6.0
Armour         | 1 2 3 5 6 |  6.0
Shields        | 1 2 3 5 6 |  6.0
Unarmed Combat | 1 2 3 5 6 |  6.0
Spellcasting   | 1 2 3 5 6 |  6.0
Evocations     | 1 2 3 5 6 |  6.0
Conjurations   | 1 2 3 4 5 |  5.0
Hexes          | 1 2 3 4 5 |  5.0
Summonings     | 1 2 3 4 5 |  5.0
Necromancy     | 1 2 3 4 5 |  5.0
Translocations | 1 2 3 4 5 |  5.0
Transmutations | 1 2 3 4 5 |  5.0
Fire Magic     | 1 2 3 4 5 |  5.0
Ice Magic      | 1 2 3 4 5 |  5.0
Air Magic      | 1 2 3 4 5 |  5.0
Earth Magic    | 1 2 3 4 5 |  5.0
Poison Magic   | 1 2 3 4 5 |  5.0
Fighting       | 7 8 9 |  9.0
Long Blades    | 7 8 9 |  9.0
Dodging        | 7 8 9 |  9.0
Stealth        | 5 6 7 |  7.4

Action                     |  1- 3 |  4- 6 |  7- 9 | 10-12 || total
---------------------------+-------+-------+-------+-------++-------
  Melee: Falchion          |    35 |       |       |       ||    35
         Quarterstaff      |    31 |    71 |       |       ||   102
         Bite              |     2 |    17 |    54 |    25 ||    98
         Unarmed           |     7 |    16 |       |       ||    23
         Flail             |       |    90 |    81 |     7 ||   178
         Short sword       |       |       |   215 |     7 ||   222
         Trident           |       |       |   193 |   161 ||   354
  Evoke: Wand              |       |       |     1 |       ||     1
    Use: Scroll            |       |    10 |     7 |     1 ||    18
         Potion            |       |     1 |     3 |     1 ||     5
   Stab: Sleeping          |       |       |    11 |     5 ||    16
         Distracted        |       |       |       |     1 ||     1
 Armour: Chain mail        |    37 |   100 |   158 |       ||   295
         Skin              |       |     1 |       |       ||     1
         Steam dragon scal |       |       |    47 |    21 ||    68
  Dodge: Dodged            |    30 |   109 |   256 |    83 ||   478
  Block: Buckler           |       |    22 |   115 |    39 ||   176

Table legend: (Time is in decaauts)
 A = Elapsed time spent in this place.
 B = Non-inter-level travel time spent in this place.
 C = Inter-level travel time spent in this place.
 D = Time resting spent in this place.
 E = Time spent auto-exploring this place.
 F = Levels seen in this place.
 G = Mean time per level.
                   A        B        C        D        E       F      G
               +--------+--------+--------+--------+--------+-----+--------+
         Total |  11466 |  11094 |    372 |   2081 |   7075 |  11 | 1042.4 |
       Dungeon |  11189 |  10841 |    348 |   2081 |   6845 |  10 | 1118.9 |
        Temple |    277 |    253 |     24 |      0 |    229 |   1 |  277.0 |
               +--------+--------+--------+--------+--------+-----+--------+

Top non-repeatable levels by time:
     D:9: 2163 daAuts
     D:8: 1949 daAuts
     D:7: 1607 daAuts
     D:4: 1243 daAuts
     D:3: 1101 daAuts
     D:5: 1061 daAuts
     D:2: 802 daAuts
     D:6: 671 daAuts
     D:1: 566 daAuts
  Temple: 277 daAuts
    D:10: 23 daAuts
